 Dungeon Crawl Stone Soup version 0.23.2-40-g277498a001 (webtiles) character file.

Game seed: 2710036702586026007

885 VileCrust the Skirmisher (level 8, 70/70 HPs)
             Began as a Hill Orc Fighter on Aug 17, 2019.
             Quit the game on level 4 of the Dungeon on Aug 18, 2019.
             The game lasted 00:36:26 (6876 turns).

VileCrust the Skirmisher (Hill Orc Fighter)         Turns: 6876, Time: 00:36:27

Health: 70/70      AC: 14    Str: 21    XL:     8   Next: 5%
Magic:  8/8        EV:  4    Int:  8    God:
Gold:   38         SH: 10    Dex: 10    Spells: 7/7 levels left

rFire    . . .     SeeInvis .   x - +2 short sword (speed)
rCold    . . .     Gourm    .   c - +0 shield
rNeg     + . .     Faith    .   m - +1 plate armour
rPois    .         Spirit   .   (no helmet)
rElec    .         Reflect  .   v - +0 cloak
rCorr    .         Harm     .   (no gloves)
MR       .....                  (no boots)
Stlth    ..........             h - amulet of the acrobat
HPRegen  0.21/turn              q - ring of positive energy
MPRegen  0.11/turn              (no ring)

@: no status effects
A: no striking features
a: no special abilities


You were on level 4 of the Dungeon.
You were not hungry.

You visited 1 branch of the dungeon, and saw 4 of its levels.

You collected 220 gold pieces.
You spent 182 gold pieces at shops.

Inventory:

Hand Weapons
 a - a +0 war axe
 k - a +0 morningstar
 s - a cursed -3 scimitar
 x - a +2 short sword of speed (weapon)
Armour
 c - a +0 shield (worn)
 j - a +0 scale mail
 m - a +1 plate armour (worn)
 v - a +0 cloak (worn)
Jewellery
 h - an amulet of the acrobat (around neck)
 q - a ring of positive energy (left hand)
Wands
 p - a wand of flame (19)
Scrolls
 g - 2 scrolls of remove curse
 i - a scroll of immolation {unknown}
 w - a scroll of magic mapping
Potions
 b - a potion of flight {unknown}
 d - 2 potions of might
 e - a potion of magic {unknown}
 l - a potion of invisibility {unknown}
 o - a potion of agility {unknown}
 u - a potion of ambrosia {unknown}
Comestibles
 f - 2 rations
 n - a chunk of flesh


   Skills:
 * Level 5.8 Fighting
 * Level 4.7 Short Blades
 - Level 5.3 Axes
 + Level 4.8 Armour
 + Level 5.3 Shields


You had 7 spell levels left.
You didn't know any spells.
Your spell library was empty.

Dungeon Overview and Level Annotations

Branches:
Dungeon (4/15)
 Temple: D:4-7

Altars:
Sif Muna

Shops:
D:4 !(


Message History

Unknown command.
Found a stone staircase leading down.
As you read the scroll labeled VYHUAPRIRUO, it crumbles to dust.
You assume a fearsome visage.
Nothing appears to happen.
It was a scroll of fear.
Unknown command.
Unknown command.
Unknown command.
Unknown command.
Unknown command.
Welcome back, VileCrust the Hill Orc Fighter.
Press ? for a list of commands and other information.
Unknown command.
Unknown command.
Quiver which item? (- for none, * to show all) (? for menu, Esc to quit)
Okay, then.
Okay, then.
Quiver which item? (- for none, * to show all) (? for menu, Esc to quit)
Okay, then.
Are you sure you want to abandon this character and quit the game? (Confirm with "yes".)

_# '## ..# ..# ..#
..# ..# ### ..#
###.####.# ..#
#......@.# ..#
....>..#.## ..#
#.######..#### ..#
...........# ..#
#####..P.P.# .##
#..P∩..## .#####
#...PP..### .....#
#########...........
.....#
#.......#..#########


There were no monsters in sight!

Vanquished Creatures
  Sigmund (D:3)
  The ghost of PeSeC the Skirmisher, an amateur MiFi (D:4)
  A bullfrog (D:4)
  A crimson imp (D:2)
  2 hounds
  3 orc priests
  4 orc wizards
  Jessica (D:3)
  A worker ant (D:4)
  13 adders
  An adder skeleton (D:4)
  3 worms (D:3)
  A dart slug (D:1)
  3 leopard geckos
  19 orcs
  A ball python (D:3)
  6 giant cockroaches
  9 goblins
  11 hobgoblins
  4 jackals (D:2)
  8 bats
  6 frilled lizards
  8 kobolds
  5 rats
113 creatures vanquished.

Notes
Turn   | Place    | Note
-------+----------+-------------------------------------------
     0 | D:1      | VileCrust the Hill Orc Fighter began the quest for the Orb.
     0 | D:1      | Reached XP level 1. HP: 19/19 MP: 1/1
   699 | D:1      | Reached XP level 2. HP: 27/27 MP: 2/2
   989 | D:1      | Reached XP level 3. HP: 29/33 MP: 3/3
  1565 | D:2      | Reached XP level 4. HP: 40/40 MP: 4/4
  1933 | D:2      | Reached skill level 5 in Axes
  2277 | D:2      | Reached XP level 5. HP: 41/46 MP: 5/5
  2715 | D:3      | Reached skill level 1 in Short Blades
  2978 | D:3      | Reached XP level 6. HP: 23/53 MP: 6/6
  3920 | D:3      | Noticed Sigmund
  3963 | D:3      | Killed Sigmund
  3963 | D:3      | Reached skill level 5 in Fighting
  3963 | D:3      | Reached XP level 7. HP: 15/61 MP: 7/7
  5003 | D:3      | Noticed Jessica
  5016 | D:3      | Killed Jessica
  5399 | D:4      | Found a runed translucent door.
  5776 | D:4      | Noticed PeSeC's ghost (amateur MiFi)
  5793 | D:4      | Reached skill level 5 in Shields
  5855 | D:4      | Killed PeSeC's ghost
  5866 | D:4      | Reached XP level 8. HP: 25/70 MP: 8/8
  6227 | D:4      | Found a deep blue altar of Sif Muna.
  6746 | D:4      | Found Cocisos's Distillery.
  6861 | D:4      | Found Zentierch's Antique Weapon Emporium.
  6868 | D:4      | Bought a glowing scimitar for 182 gold pieces
  6876 | D:4      | Quit the game

Skill      XL: |  1  2  3  4  5  6  7 |
---------------+----------------------+-----
Axes           | 3 4 5 |  5.3
Fighting       | 4 5 |  5.8
Shields        | 4 5 |  5.3
Short Blades   | 1 3 4 |  4.7
Armour         | 4 |  4.8

Action                   |  1- 3 |  4- 6 |  7- 9 || total
-------------------------+-------+-------+-------++-------
Melee: War axe           |    97 |    39 |       ||   136
       Short sword       |       |   243 |   250 ||   493
  Use: Scroll            |       |     9 |     1 ||    10
       Potion            |       |     1 |     2 ||     3
  Eat: Chunk             |     1 |     4 |     4 ||     9
       Ration            |     1 |     1 |     1 ||     3
Armor: Scale mail        |    39 |       |       ||    39
       Plate armour      |    34 |   160 |   114 ||   308
Dodge: Dodged            |    21 |    92 |    63 ||   176
Block: Shield            |    74 |   152 |   131 ||   357
